[Event "Baku Open 2024"]
[Site "Baku"]
[Date "2024.07.05"]
[Round "7.9"]
[White "Aleksandrov, Aleksej"]
[Black "Pranav Vijay"]
[Result "1/2-1/2"]
[ECO "E57"]
[WhiteElo "2405"]
[BlackElo "2252"]
[Annotator "TA"]
[PlyCount "75"]
[EventDate "2024.06.29"]
[EventType "swiss"]
[EventCountry "AZE"]
[SourceTitle "playchess.com"]
[Source "ChessBase"]
[SourceQuality "1"]
[TimeControl "5400+30"]

1. d4 d5 2. c4 e6 3. Nc3 Nf6 4. Bg5 dxc4 5. e3 c5 6. Bxc4 cxd4 7. exd4 Be7 8. Nf3 O-O 9. O-O Nc6 10. a3 b6 11. Qd3 Bb7 12. Rad1 Rc8 13. Ba2 Nd5 14. Ne4 {[%emt 0:18:10] [#]} ({White should try} 14. Nxd5 $11 Bxg5 15. Ne3) 14... Ncb4 $1 15. axb4 (15. Bxe7 {with more complications.} Nxd3 16. Bxd8 N5f4 17. Nd6) 15... Nxb4 16. Bxe7 Qxe7 17. Qb1 {[%emt 0:00:11] And now Bb3 would win.} Bxe4 $1 (17... Nxa2 $6 18. Neg5 g6 19. Qxa2 $18) 18. Qxe4 Nxa2 19. d5 a5 $1 20. d6 Qd8 21. Ne5 {[%emt 0:07:01] d7 is the strong threat.} Nb4 22. f4 {[%emt 0:01:39] Strongly threatening f5.} g6 23. g4 $36 {[%emt 0:00:09][%mdl 2048] Threatens to win with f5. White fights for an advantage.} Qh4 (23... Rc2 {keeps more tension.} 24. f5 Qh4 25. Qf4 Nd5) 24. Rd2 {[%emt 0:00:50][%mdl 1024] Wards off Rc2. White has compensation.} (24. d7 $2 Rc2 $19) 24... Rcd8 25. g5 f6 26. Nc4 Qg4+ (26... fxg5 27. Qxe6+ (27. Nxb6 Qg4+ 28. Qg2 Rxf4 $17) 27... Kg7 28. Qe7+ (28. Nxb6 Rde8 $11) 28... Kg8 29. Qxg5 (29. Nxb6 Qh3 $14) (29. Ne5 Rde8 $11) 29... Qxg5+ 30. fxg5 Rxf1+ 31. Kxf1 $14) 27. Rg2 Qf5 28. Qxf5 gxf5 (28... exf5 $11 29. Rd1 fxg5) 29. gxf6+ $14 Kh8 {[%emt 0:00:47] [#]} (29... Kf7 $14) 30. Rg7 ({And not} 30. Nxb6 Rxd6 31. Nc4 Rdd8 $15) (30. Ne5 $1 $16 {Hoping for d7.} Rxd6 31. Rg7 Rxf6 32. Rf7 Rg6+ 33. Nxg6+ hxg6 34. Rc1) 30... Nd5 31. Rb7 Rxf6 32. Ne5 {[%emt 0:04:55] Repels Rg6+. White has more active pieces.} Rxd6 {[%emt 0:00:44] [#]} 33. Nf7+ ({Better is} 33. Rc1 $1 $16 {[%cal Rc1c8] Intending Rc8+ and mate.} Kg8 (33... Nxf4 34. Rc8+) 34. Kf2) 33... Rxf7 $1 $11 {[%emt 0:00:03] The position is equal.} 34. Rxf7 Kg8 35. Rb7 Rc6 $1 36. Kf2 {[%emt 0:04:22] aiming for Rg1+.} Rc7 37. Rxc7 Nxc7 38. Kf3 {[%emt 0:02:20] Weighted Error Value: White=0.12 (very precise) /Black=0.09 (flawless) .  Mistake:       	White=3     	Black=2      Inaccurate:     	White=1     	Black=3      OK:         	White=16    	Black=7      Best:        	White=1     	Black=3      Strong:       	---       	Black=4} 1/2-1/2

[Event "Baku Open 2024"]
[Site "Baku"]
[Date "2024.07.05"]
[Round "7.10"]
[White "Yeletsky, Ivan"]
[Black "Kamalidenova, Meruert"]
[Result "1/2-1/2"]
[ECO "E92"]
[WhiteElo "2498"]
[BlackElo "2360"]
[Annotator "TA"]
[PlyCount "93"]
[EventDate "2024.06.29"]
[EventType "swiss"]
[EventCountry "AZE"]
[SourceTitle "playchess.com"]
[Source "ChessBase"]
[SourceQuality "1"]
[TimeControl "5400+30"]

1. d4 Nf6 2. c4 g6 3. Nc3 Bg7 4. e4 d6 5. h3 O-O 6. Be3 a5 7. Nf3 e5 8. d5 Na6 9. Nd2 Nc5 10. g4 c6 11. Be2 a4 {[%emt 0:01:10] E92: King's Indian: Classical: 6 Be2 e5: 7 dxe5, 7 Be3 and Petrosian System without 7...Nbd7.} 12. g5 Ne8 13. h4 Bd7 14. h5 Nc7 15. a3 cxd5 16. exd5 N7a6 17. Bg4 $146 ({Predecessor:} 17. Kf1 Bf5 18. Bf3 Qc8 19. Rh4 Bd3+ 20. Kg2 f5 21. gxf6 Bxf6 22. Rg4 Bf5 23. Nde4 Nxe4 24. Nxe4 Bxg4 25. Bxg4 Qxc4 26. Nxd6 {1-0 Cheparinov,I (2670)-Pancevski,F (2490) EU-chT 22nd Batumi 2019 (5.12)}) 17... Bf5 18. Bxf5 gxf5 19. Qc2 e4 20. Ke2 (20. Nxa4 $2 Nxa4 21. Qxa4 f4 (21... Nc5 22. Qc2 $17) 22. Bxf4 Nc5 $17) 20... Qe8 (20... Re8 $1 $11) 21. Rag1 Qe5 ({Black should play} 21... Rc8 $14) 22. Rh4 (22. Nxa4 $2 Nxa4 23. Qxa4 f4 $19) 22... Nd3 23. h6 (23. Qxa4 $2 Nxb2 24. Qb5 Qxc3 $19) 23... Bh8 {[%emt 0:01:05] [#]} 24. Ncxe4 $1 (24. Qxa4 $2 Nxb2 25. Qc2 Qxc3 $19) (24. Nxa4 f4 $11) 24... fxe4 25. Rxe4 Ndb4 (25... Qxb2 $2 26. Qxd3 Qc3 27. Rb1 $18) (25... Qh2 $2 26. Nf3 Qh5 27. Qxd3 $18) 26. axb4 Nxb4 {[%emt 0:00:06] [#]} 27. Rxe5 (27. Qc3 $1 $16 Qh2 28. Bd4 (28. Qxb4 Qxg1 29. Re7 Qg4+ 30. f3 Qh3 $11) 28... Qxg1 29. Bxh8) 27... Nxc2 $11 28. Re7 Bxb2 29. Rxb7 a3 30. Ne4 Nxe3 31. fxe3 Be5 $2 (31... Rab8 $1 $11 {and Black is okay.} 32. Ra7 (32. Nxd6 Be5 $11) 32... Ra8) 32. Nf6+ $18 Kh8 33. Nd7 Rfe8 34. Nxe5 Rxe5 35. Rxf7 (35. Rd7 $18 {and White stays clearly on top.}) 35... a2 $16 36. Kd3 Rxg5 $1 37. Ra1 Kg8 $2 (37... Rg2 $16) 38. Rb7 $2 ({Only move:} 38. Rf2 $18) 38... Ra3+ $11 39. Kd4 Kf8 $2 (39... Rg4+ $11 40. e4 Rgg3 41. Rb8+ Kf7 42. Rf1+ (42. Rb7+ Ke8 43. Rb8+ Kd7 44. Rb7+ Kc8) 42... Ke7 (42... Kg6 43. Rg8+ Kxh6 44. Rh1+ Rh3 45. Rxh3+ Rxh3 46. Ra8 $18) 43. Rb7+ Ke8 44. Rb8+ Ke7 45. Rb7+ Ke8 46. Rb8+ Ke7) 40. Rf1+ $2 (40. Rxh7 Rg4+ 41. e4 Rgg3 42. Rf1+ (42. Rh8+ Ke7 43. Rh7+ Kd8 44. Rh8+ Kd7 45. Rh7+ Kc8 46. Rh8+ Kb7 47. Rh7+ Ka6) 42... Kg8 43. Rg7+ Rxg7 44. hxg7 a1=B+ 45. Rxa1 Rxa1 $19) (40. Rb2 $18) 40... Ke8 $11 41. Rb8+ (41. Rxh7 $2 a1=Q+ (41... a1=B+ 42. Ke4 $15) 42. Rxa1 Rg4+ (42... Rxa1 $2 43. Rh8+ Ke7 44. Rh7+ Kf6 45. Rd7 $19) 43. e4 Rxa1 44. Rh8+ Ke7 45. Rh7+ Kf6 $19) 41... Ke7 42. Rb7+ Ke8 43. Rg7 (43. Rxh7 $2 {perishes.} a1=Q+ (43... a1=B+ 44. Ke4 $15) 44. Rxa1 Rg4+ (44... Rxa1 $2 45. Rh8+ Ke7 46. Rh7+ Kf6 47. Rd7 $19) 45. e4 Rxa1 46. Rh8+ Ke7 47. Rh7+ Kd8 48. Rh8+ Kc7 49. Rh7+ Kb6 $19) 43... Rh5 44. Rg8+ Ke7 45. Rg7+ Ke8 46. Rg8+ Ke7 47. Rg7+ 1/2-1/2

[Event "Baku Open 2024"]
[Site "Baku"]
[Date "2024.07.05"]
[Round "7.11"]
[White "Novozhilov, Semen"]
[Black "Assaubayeva, Bibisara"]
[Result "0-1"]
[ECO "E73"]
[WhiteElo "2288"]
[BlackElo "2472"]
[Annotator "TA"]
[PlyCount "76"]
[EventDate "2024.06.29"]
[EventType "swiss"]
[EventCountry "AZE"]
[SourceTitle "playchess.com"]
[Source "ChessBase"]
[SourceQuality "1"]
[TimeControl "5400+30"]

1. d4 Nf6 2. c4 g6 3. Nc3 Bg7 4. e4 d6 5. Be2 O-O 6. Be3 a5 7. g4 c5 8. d5 e6 {[%emt 0:00:26] The position is equal.} 9. f3 a4 10. a3 exd5 11. exd5 (11. cxd5 $11 Bd7 12. Nh3) 11... Re8 (11... Nbd7 $17 {[%cal Ob7b5] Strongly threatening ...b5!} 12. Bf4 b5 13. Nxb5 Ne5) 12. Qd2 (12. Bf4 $1 $11) 12... Nbd7 13. Kf1 (13. Nb5 $15) 13... Ne5 14. Bg5 Qb6 15. Rc1 {[%emt 0:02:47] [#]} h6 $1 {[%emt 0:05:41] Black is more active.} 16. Bf4 Bd7 17. h4 h5 (17... Qa6 $1 $15 18. Bxe5 Rxe5) 18. g5 $11 Nh7 19. Nh3 Qb3 20. Qc2 Qxc2 (20... Nxc4 $2 21. Qxb3 Ne3+ 22. Bxe3 (22. Kf2 axb3 23. Bxe3 Rab8 $18) 22... axb3 23. Bf4 $18) 21. Rxc2 Bf5 22. Rd2 f6 23. gxf6 Bxh3+ ({Better is} 23... Bxf6 $11 24. Nf2 Ra6) 24. Rxh3 $14 Nxf6 25. Nb5 Ne4 26. Rc2 $1 $18 {[%emt 0:05:45][%cal Ob5c7] Threatens to win with Nc7!} (26. fxe4 Rf8 27. Nc7 Rxf4+ 28. Ke1 Ra5 $19) 26... Rf8 27. Bxe5 (27. Bc1 $18) 27... Bxe5 $16 28. Kg2 {[%emt 0:00:05] Wards off Ng3} Nf6 {[%emt 0:00:39] [#]} 29. Nc7 $1 Rab8 30. Bd3 (30. Ne6 $16) 30... Rf7 $36 {[%emt 0:05:22][%cal Bf8f7,Bf7b7,Bb7b2][%mdl 2080] Black is pushing.} 31. Ne6 b5 $1 {[%emt 0:00:58] Hoping for ...bxc4.} 32. Bxg6 ({Reject} 32. cxb5 Nxd5 33. Re2 Kh8 $17) 32... Rfb7 33. f4 Bd4 34. Rg3 {[%emt 0:01:15] Black must now prevent cxb5.} bxc4 35. Rxc4 Rxb2+ 36. Kh3 (36. Kf1 $1 $11) 36... Bf2 $15 37. Rd3 {[%emt 0:00:19] [#]} (37. Rf3 $17) 37... Be1 $1 $19 38. Rxa4 (38. Rf3 $142 R8b3 (38... Nxd5 39. Rxa4 Ne7 40. Bxh5 $16) 39. Ng5) 38... Ng4 {[%emt 0:00:29] Never resign too early!   Weighted Error Value: White=0.38/Black=0.18 (very precise) .  Loses game:     	White=1     	---        Mistake:       	White=7     	Black=4      Inaccurate:     	White=1     	Black=4      OK:         	White=11    	Black=10     Best:        	White=2     	Black=2      Strong:       	White=2     	Black=2      Brilliant:      	---       	Black=1} 0-1

[Event "Baku Open 2024"]
[Site "Baku"]
[Date "2024.07.05"]
[Round "7.12"]
[White "Babazada, Khazar"]
[Black "Suleymanli, Suleyman"]
[Result "1-0"]
[ECO "A14"]
[WhiteElo "2468"]
[BlackElo "2262"]
[Annotator "TA"]
[PlyCount "138"]
[EventDate "2024.06.29"]
[EventType "swiss"]
[EventCountry "AZE"]
[SourceTitle "playchess.com"]
[Source "ChessBase"]
[SourceQuality "1"]
[TimeControl "5400+30"]

1. c4 e6 2. Nf3 Nf6 3. g3 d5 4. Bg2 Be7 5. b3 O-O 6. Bb2 b6 7. cxd5 exd5 8. O-O Bb7 9. Qc2 h6 10. d4 Nbd7 11. Nc3 c5 12. dxc5 bxc5 13. Nh4 Rb8 14. e3 d4 15. exd4 cxd4 16. Ne2 Bxg2 (16... Rc8 $11 {keeps the balance.} 17. Qd3 Bxg2 18. Kxg2 Re8) 17. Nxg2 Rc8 18. Qd1 Ne5 19. Nh4 (19. Nxd4 $14 Bc5 20. Nf5 Qxd1 21. Raxd1 Nf3+ 22. Kh1) 19... Nfg4 $15 20. h3 ({White should play} 20. Nf5 $11) 20... Bxh4 $15 21. hxg4 Nf3+ 22. Kg2 Bf6 23. Nf4 Ng5 24. Qd3 Qd7 25. f3 Rfe8 26. Rae1 g6 27. Rxe8+ Rxe8 28. Qc4 Rc8 $2 ({Better is} 28... Ne6 $11) 29. Nd5 $1 $16 Nh7 30. Nxf6+ Nxf6 31. Qxd4 Qxd4 32. Bxd4 Nd5 33. Rf2 a6 34. Rd2 f6 35. Bb2 Rc5 36. Ba3 Rb5 37. Kf2 Kf7 38. Rc2 Rb6 39. Rc8 f5 (39... Rb5 $16) 40. gxf5 gxf5 41. Bc5 Rb5 42. Bd6 Rb6 43. Ba3 h5 44. Rf8+ Kg6 45. Rd8 Nc3 46. Rd2 $1 a5 (46... Kf7 $16 47. Rc2 Rc6) 47. Rc2 $1 $18 Nd5 48. Rc5 Nb4 49. Rxa5 Nxa2 50. Bc5 Rc6 51. b4 $1 Nc3 52. Ke3 Nd5+ $2 (52... f4+ 53. gxf4 (53. Kxf4 $2 Re6 54. g4 Ne2#) 53... Nd5+ 54. Kd4 (54. Ke4 Nxb4 55. f5+ Kf7 $16) 54... Nxf4) 53. Kd4 $18 Nc7 54. Kc4 f4 55. gxf4 (55. b5 Nxb5 56. Kxb5 Re6 $18) 55... Kf5 (55... Rf6 $142 56. Be3 h4 57. Rg5+ Kf7) 56. b5 $18 Nxb5 57. Kxb5 (57. Rxb5 Kxf4 58. Kd5 (58. Rb3 h4 $11) 58... Ra6 $16) 57... Re6 58. Ra8 Kxf4 59. Rf8+ Kg3 60. Kc4 h4 61. Kd5 Rh6 62. Bd6+ Kg2 63. f4 ({Weaker is} 63. Bf4 h3 64. Ke4 (64. Bxh6 h2 $11) 64... Ra6 $16 (64... h2 $2 65. Bxh2 Rxh2 66. f4 $18)) 63... Kf3 64. f5 Kg4 65. f6 Kf5 66. f7 Kf6 67. Bf4 $1 ({Inferior is} 67. Be5+ Ke7 $14) 67... Rh7 {[%emt 0:00:23] [#]} 68. Bg5+ $1 Kg7 {[%emt 0:00:35] [#]} 69. Ke6 $1 Rh8 1-0

[Event "Baku Open 2024"]
[Site "Baku"]
[Date "2024.07.05"]
[Round "7.13"]
[White "Israilov, Agil"]
[Black "Jubin Jimmy"]
[Result "1/2-1/2"]
[ECO "C77"]
[WhiteElo "2141"]
[BlackElo "2452"]
[Annotator "TA"]
[PlyCount "121"]
[EventDate "2024.06.29"]
[EventType "swiss"]
[EventCountry "AZE"]
[SourceTitle "playchess.com"]
[Source "ChessBase"]
[SourceQuality "1"]
[TimeControl "5400+30"]

1. e4 e5 2. Nf3 Nc6 3. Bb5 a6 4. Ba4 Nf6 5. O-O b5 6. Bb3 Bc5 7. d3 d6 8. Nc3 h6 9. Nd5 Na5 10. Be3 Nxb3 11. Nxf6+ Qxf6 12. axb3 Bg4 13. Bxc5 dxc5 14. h3 h5 15. Qe2 {[%emt 0:02:27] [#]} (15. Re1 $5 Bxf3 16. Qxf3 $11) 15... Rh6 $1 16. Qe3 (16. hxg4 hxg4) 16... Bxf3 17. Qxf3 Qxf3 18. gxf3 $15 {[%emt 0:00:05][%mdl 4096] Endgame. KRR-KRR} Rf6 19. Ra5 O-O-O 20. Rfa1 {[%emt 0:00:19] [#]} Rdd6 ({Much worse is} 20... Rxf3 $6 21. Rxa6 (21. Kg2 Rf6 $17) 21... Rxh3 22. Kg2 $11) 21. Kg2 Kb7 22. Re1 Rf4 23. Re3 Rg6+ 24. Kh2 Rgf6 25. Kg2 Kb6 26. Ra1 a5 27. Rg1 Rg6+ 28. Kh2 Rxg1 29. Kxg1 {[%emt 0:00:04] KR-KR} Rf6 30. Kg2 Rc6 31. Kf1 Rf6 32. Kg2 $1 Rg6+ 33. Kf1 Rf6 34. Kg2 $1 Rc6 35. Kf1 $1 a4 36. bxa4 bxa4 37. Re1 c4 38. dxc4 Rxc4 39. c3 a3 40. Rb1 (40. bxa3 $17 {was necessary.} Rxc3 41. Ke2) 40... axb2 (40... a2 $19 41. Ra1 Ra4) 41. Rxb2+ $17 Ka5 42. Ra2+ Kb5 43. Ra3 Rc6 44. Ke2 Kc4 (44... g5 $17 45. Ra8 Kc4 (45... Rxc3 46. Rf8 $11)) 45. Ra5 $15 Rc5 ({But not} 45... Kxc3 46. Rxe5 g6 47. Rd5 $14) 46. Ra8 Kxc3 47. Rf8 f6 {[%emt 0:01:39] Threatens to win with ...Rb5.} 48. Rf7 Rc4 49. Rxg7 c5 50. Rc7 Kd4 51. Rd7+ Kc3 {[%emt 0:00:03] ...Rd4 would now be deadly.} 52. Rc7 Kb3 53. Rc6 Rc2+ 54. Ke3 Rc3+ 55. Ke2 Rc2+ 56. Ke3 c4 {[%emt 0:02:14] aiming for ...Rb2.} 57. Rb6+ Kc3 58. Rxf6 Rd2 59. Re6 Rd1 (59... Rd3+ $11 60. Ke2 Rd2+ 61. Ke1 Rd3) 60. Ke2 (60. Rxe5 $16 {[%cal Of3f4] Black must now prevent f4!} Re1+ 61. Kf4) 60... Rd2+ $11 61. Ke3 {[%emt 0:00:05] Weighted Error Value: White=0.11 (very precise) /Black=0.16 (very precise) .  Mistake:       	White=2     	Black=3      Inaccurate:     	White=5     	Black=4      OK:         	White=21    	Black=16     Best:        	White=7     	Black=1      Strong:       	White=3     	---} 1/2-1/2

[Event "Baku Open 2024"]
[Site "Baku"]
[Date "2024.07.05"]
[Round "7.14"]
[White "Ilamparthi A R"]
[Black "Akhilbay, Imangali"]
[Result "1-0"]
[ECO "C02"]
[WhiteElo "2446"]
[BlackElo "2303"]
[Annotator "TA"]
[PlyCount "89"]
[EventDate "2024.06.29"]
[EventType "swiss"]
[EventCountry "AZE"]
[SourceTitle "playchess.com"]
[Source "ChessBase"]
[SourceQuality "1"]
[TimeControl "5400+30"]

1. e4 e6 2. d4 d5 3. e5 c5 4. c3 Nc6 5. Nf3 Nge7 6. Be2 cxd4 7. cxd4 Nf5 8. Nc3 Qb6 9. Na4 Qa5+ 10. Kf1 Bd7 11. Nc3 Qb6 12. Na4 Qa5 13. Bd2 Qd8 14. Bg5 f6 15. exf6 {[%emt 0:02:17] The position is equal.} gxf6 16. Bf4 Bd6 17. Qd2 (17. Bxd6 $11 Nxd6 18. g3) 17... O-O 18. Nc5 b6 (18... Rc8 $15 {is more appropriate.}) 19. Nxd7 (19. Bxd6 {simplifies} Nxd6 20. Nxd7 Qxd7 21. Rc1) 19... Qxd7 20. g4 Bxf4 21. Qxf4 Ng7 22. Qh6 {[%emt 0:01:22] Black must now prevent Rc1.} e5 {[%emt 0:07:25] Hoping for ...e4.} 23. dxe5 Nxe5 24. h3 Ne6 25. Rd1 (25. Rg1 $11) 25... Rac8 (25... d4 $15 26. Nxe5 fxe5) 26. Rg1 ({White should play} 26. Nd4 $11) 26... Rc2 $15 {[%emt 0:07:52][%cal Oc2e2] ...Rxe2! is the strong threat.} 27. Rd2 Qa4 28. Nxe5 (28. Rxd5 $2 Nxf3 (28... Rxb2 $2 29. Nxe5 Nf4 30. Rd1 $19) (28... Qxa2 29. Rd2 $17) (28... Nf4 $2 29. g5 $19) 29. Bxf3 Nf4 $19) 28... Rc1+ 29. Kg2 Nf4+ 30. Kh2 $1 Rxg1 31. Kxg1 Qe4 32. Bf1 {[%emt 0:05:30] Wards off Qg2+} fxe5 33. Rd1 {[%emt 0:02:42] [#]} b5 34. Qg5+ $11 Kh8 35. Qe7 Ng6 36. Qc5 d4 37. Bd3 $36 {[%emt 0:00:04][%mdl 2048] White fights for an advantage.} Qf4 (37... Qf3 $5 38. Rd2 $8 Qxh3 39. Bxg6 (39. Qxa7 $2 Qxg4+ 40. Kf1 Rc8 $19) 39... Qxg4+ 40. Kf1 Qh3+ 41. Kg1 Qg4+ 42. Kf1 Qh3+ 43. Kg1 Qg4+ $11) 38. Bf5 {[%emt 0:00:11] Active counter play!} Kg7 39. Re1 (39. Qxa7+ Rf7 40. Qc5 Nh4) (39. Qxb5 Nh4 40. Qe2 (40. Qb7+ $2 Rf7 $17) 40... Nxf5 41. gxf5 Rxf5 $17) 39... Rf7 40. Re4 Qf3 41. Re1 Qxh3 42. Be6 {[%emt 0:00:25] [#]} Nf4 $2 43. Qxe5+ $18 {[%emt 0:00:05] White is clearly winning.} (43. Bxf7 $2 Qg2#) 43... Rf6 44. Qg5+ (44. Qxd4 $2 Qg2#) 44... Ng6 {[%emt 0:00:22] [#]} 45. Qxf6+ $3 {[%emt 0:00:04][%mdl 512] Weighted Error Value: White=0.14 (very precise) /Black=0.15 (very precise) .  Loses game:     	---       	Black=1      Mistake:       	White=3     	Black=3      Inaccurate:     	White=2     	Black=2      OK:         	White=13    	Black=14     Best:        	White=1     	Black=3      Strong:       	White=1     	---} 1-0

[Event "Baku Open 2024"]
[Site "Baku"]
[Date "2024.07.05"]
[Round "7.15"]
[White "Manafov, Vugar"]
[Black "Md Imran"]
[Result "1-0"]
[ECO "D27"]
[WhiteElo "2430"]
[BlackElo "2180"]
[Annotator "RC"]
[PlyCount "87"]
[EventDate "2024.06.29"]
[EventType "swiss"]
[EventCountry "AZE"]
[SourceTitle "playchess.com"]
[Source "ChessBase"]
[SourceQuality "1"]
[TimeControl "5400+30"]

1. d4 d5 2. Nf3 Nf6 3. c4 dxc4 4. e3 a6 5. Bxc4 e6 6. O-O c5 7. Be2 cxd4 8. Nxd4 Bd6 9. b3 O-O 10. Bb2 Qe7 11. Nd2 e5 12. N4f3 Rd8 13. Nc4 Bc7 14. Qc2 Nc6 15. Ba3 Qe8 16. Rfd1 Bg4 17. h3 Bh5 18. Bd6 Bg6 19. Qb2 Bxd6 20. Nxd6 Qe7 21. Nc4 Rxd1+ 22. Rxd1 Re8 23. Nh4 b5 24. Nxg6 hxg6 25. Nd2 Rd8 26. Nf3 Rxd1+ 27. Bxd1 Qc5 28. Bc2 Kf8 29. Ng5 Nb4 30. Bxg6 Ke7 31. Nxf7 e4 32. Qd2 Nd3 33. Qa5 Qc1+ 34. Kh2 Qc8 35. Qb6 Qd7 36. Kg1 Nd5 37. Qd4 Nf6 38. Qb6 Nd5 39. Qxa6 Qc7 40. Ng5 N5f4 41. g3 Nxf2 42. gxf4 Qc1+ 43. Kxf2 Qd2+ 44. Kg3 1-0

[Event "Baku Open 2024"]
[Site "Baku"]
[Date "2024.07.05"]
[Round "7.16"]
[White "Stribuk, Artiom"]
[Black "Ajay Santhosh Parvathareddy"]
[Result "1-0"]
[ECO "E04"]
[WhiteElo "2422"]
[BlackElo "2163"]
[Annotator "TA"]
[PlyCount "67"]
[EventDate "2024.06.29"]
[EventType "swiss"]
[EventCountry "AZE"]
[SourceTitle "playchess.com"]
[Source "ChessBase"]
[SourceQuality "1"]
[TimeControl "5400+30"]

1. c4 Nf6 2. g3 e6 3. Bg2 d5 4. d4 dxc4 5. Nf3 c5 6. O-O Nc6 7. Ne5 Bd7 8. Na3 cxd4 9. Naxc4 Bc5 10. a3 a5 11. Qb3 O-O 12. Nxd7 {[%emt 0:00:36] The position is equal.} Qxd7 13. Qb5 Ba7 14. Rd1 Rfc8 15. Bg5 Nd5 16. Nxa5 Qc7 (16... Rc7 $11 {keeps the balance.}) 17. Nb3 {[%emt 0:13:24] White is more active.} (17. Nxb7 $2 Rab8 18. Bxd5 exd5 (18... Rxb7 $2 19. Qxc6 Qxc6 20. Bxc6 $18) 19. Qxd5 Rxb7 $19 (19... Qxb7 $2 20. b4 $19)) 17... Qe5 18. Bf4 {[%emt 0:12:05] White leaves nothing to chance now.} Nxf4 19. Qxe5 Nxe5 20. gxf4 {[%emt 0:00:06][%cal Og2b7] [#] Bxb7! is the strong threat.} Nc6 ({Avoid the trap} 20... Nc4 $2 21. Bxb7 Nxb2 22. Rd2 $18) 21. Rac1 Rab8 22. Nc5 d3 23. Nxd3 $18 (23. Rxd3 Bxc5 24. Rxc5 Kf8) 23... Na5 (23... Bd4 $142 24. a4 g6) 24. Rxc8+ Rxc8 25. b4 Nc4 26. Bxb7 Rd8 27. a4 g6 28. a5 Rd4 29. Ba6 Na3 (29... Nxa5 $142 30. bxa5 Ra4) 30. Rc1 {[%emt 0:01:26] White is clearly winning.} Kg7 31. Rc8 Kf6 32. Ra8 Rd7 33. b5 Nc4 {[%emt 0:00:11] [#]} 34. Ne5 $1 {[%emt 0:00:54] Weighted Error Value: White=0.19 (very precise) /Black=0.45.  Mistake:       	---       	Black=4      Inaccurate:     	White=3     	Black=5      OK:         	White=11    	Black=2      Best:        	White=1     	Black=1} 1-0

[Event "Baku Open 2024"]
[Site "Baku"]
[Date "2024.07.05"]
[Round "7.17"]
[White "Kaldarova, Ayaulym"]
[Black "Mamedov, Edgar"]
[Result "0-1"]
[ECO "A13"]
[WhiteElo "2100"]
[BlackElo "2410"]
[Annotator "TA"]
[PlyCount "100"]
[EventDate "2024.06.29"]
[EventType "swiss"]
[EventCountry "AZE"]
[SourceTitle "playchess.com"]
[Source "ChessBase"]
[SourceQuality "1"]
[TimeControl "5400+30"]

1. c4 e6 2. Nf3 d5 3. g3 dxc4 4. Bg2 Nd7 5. O-O Ngf6 6. Qc2 Nb6 7. a4 a5 8. Na3 Bxa3 {[%emt 0:01:59] The position is equal.} 9. Rxa3 O-O 10. d3 cxd3 11. Rxd3 Nbd5 12. Bg5 h6 13. Bh4 Qe7 {[%emt 0:04:41] Threatens to win with ...Nb4.} 14. Qb1 (14. Qc1 $11) 14... Qe8 15. Rfd1 Bd7 16. b3 Bc6 17. Qc1 (17. Ne5 g5 18. Qc1 Nh7 $17) 17... Nh7 (17... e5 $15 18. e4 Nb4 (18... Nxe4 $2 19. Rxd5 Bxd5 20. Rxd5 $18) 19. Bxf6 Nxd3 20. Rxd3 Bxe4 (20... gxf6 $2 21. Nh4 $18)) 18. e4 $11 Ndf6 19. Bxf6 $1 Nxf6 20. Ne5 Ra6 21. Qf4 Qe7 22. h4 Rb6 23. g4 Nh7 24. Qg3 Be8 25. Nd7 Bxd7 26. Rxd7 Qb4 (26... Qa3 $1 $15 27. R7d3 c6) 27. g5 hxg5 28. hxg5 {[%emt 0:00:04] And now g6 would win.} g6 29. R1d3 (29. Rxc7 Qxb3 30. Qxb3 Rxb3 $17) 29... Rc6 30. Qh4 (30. Re3 $11) 30... Rc3 (30... Rc1+ {is interesting.} 31. Kh2 Qe1 32. Kg3 Rc2) 31. Qg3 Rc2 32. Rxc7 Rxc7 33. Qxc7 Qe1+ 34. Kh2 ({White has to play} 34. Bf1 $15) 34... Qxf2 $19 (34... Nxg5 35. Qf4 Nh7 36. Qd2 Qxd2 37. Rxd2 $15) 35. Rg3 $2 {[%emt 0:00:59] [#]} (35. Qxa5 Qf4+ 36. Kg1) 35... Nxg5 $1 36. Qe5 Nh7 {[%emt 0:00:39] Strongly threatening ...Nf6.} 37. Qxa5 $2 (37. Rf3 Qd2 38. Qg3) 37... Nf6 38. Qe5 (38. Qc7 $142) 38... Rd8 39. Qg5 Rd1 $2 (39... Nxe4 40. Qxd8+ Kg7 41. Rg4 $18) (39... Rd2 $19 {and Black stays clearly on top.} 40. Rh3 (40. Rf3 $2 Qxf3 41. Qxd2 Ng4+ 42. Kg1 Qxb3 $19) 40... Nxe4) 40. Kh3 $2 {[%emt 0:00:33] [#]} (40. Rf3 $17 {was forced.} Qg1+ (40... Nxe4 41. Rxf2 Nxg5 42. Bxb7 $15) 41. Kh3 Nxe4 42. Qe7) 40... Nh5 $2 41. Rf3 Qd4 $36 {[%emt 0:00:23][%mdl 2048] Keeping White busy. Black is more active.} 42. Qg4 $2 {[%emt 0:00:35][%mdl 8192] White does not recover from this.} (42. Qe7 $17 Qg7 (42... Qxe4 43. Qxf7+ Kh8 44. Qf8+ Kh7 45. Rf7+) 43. Bf1) 42... Qh8 43. Qh4 e5 {[%emt 0:00:13] aiming for ...Nf4+.} 44. Kg4 (44. Kh2 $142) 44... Rd4 {[%emt 0:00:51] Black is clearly winning.} 45. Kh3 Nf4+ 46. Rxf4 exf4 47. Qxh8+ Kxh8 48. Kg4 Rd3 {[%emt 0:00:22] ( -> ...Rg3+)} 49. Kxf4 Rxb3 50. e5 Kg7 {[%emt 0:01:06] Weighted Error Value: White=0.76/Black=0.48.  Loses game:     	White=2     	---        Missed win:     	---       	Black=1      Mistake:       	White=6     	Black=3      Inaccurate:     	White=1     	Black=2      OK:         	White=11    	Black=16     Best:        	White=2     	Black=2      Strong:       	White=1     	---} 0-1

[Event "Baku Open 2024"]
[Site "Baku"]
[Date "2024.07.05"]
[Round "7.18"]
[White "Atakishiyev, Elmar"]
[Black "Gokerkan, Cem Kaan"]
[Result "1/2-1/2"]
[ECO "E04"]
[WhiteElo "2356"]
[BlackElo "2512"]
[Annotator "TA"]
[PlyCount "31"]
[EventDate "2024.06.29"]
[EventType "swiss"]
[EventCountry "AZE"]
[SourceTitle "playchess.com"]
[Source "ChessBase"]
[SourceQuality "1"]
[TimeControl "5400+30"]

1. d4 Nf6 2. Nf3 d5 3. c4 e6 4. g3 dxc4 5. Bg2 Bb4+ 6. Bd2 a5 7. O-O {[%emt 0:00:49][%mdl 1024] White has compensation.} O-O 8. e3 Ra6 {[%emt 0:02:27] The position is equal.} 9. Qc2 b5 10. a4 c6 11. Nc3 Rb6 12. e4 h6 13. Be3 Nbd7 14. Rfd1 Ng4 15. Bf4 {[%emt 0:00:34] [#] And now e5 would win.} Bb7 16. e5 {[%emt 0:02:08] A rather calm draw.   Weighted Error Value: White=0.05 (flawless) /Black=0.00 (flawless) .  Inaccurate:     	White=1     	---        OK:         	White=7     	Black=7} 1/2-1/2